 Dungeon Crawl Stone Soup version 0.30-a0-777-ga9a30cbeda (webtiles) character file.

Game seed: 2436120925468109364

8918 mopl the Martial Artist (level 11, -2/76 HPs)
             Began as a Djinni Transmuter on Feb 14, 2023.
             Was a High Priest of Okawaru.
             Killed from afar by a gargoyle (21 damage)
             ... with a stone arrow
             ... on level 10 of the Dungeon.
             The game lasted 00:18:17 (8495 turns).

mopl the Martial Artist (Djinni Transmuter)         Turns: 8495, Time: 00:18:18

Health: -2/76      AC: 10    Str: 15    XL:     11   Next: 64%
Gold:   189        EV: 18    Int: 14    God:    Okawaru [*****.] SH:  5 Dex: 19

rFire   + + .      SeeInvis .      - Unarmed
rCold   . . .      Faith    .    (no shield)
rNeg    + + +      Spirit   .    p - +2 robe {Will+}
rPois   ∞          Reflect  +    F - +2 helmet of the Poles {rN+++ Regen+ Stlth-}
rElec   .          Harm     .    y - +0 cloak
rCorr   +          Rampage  .    k - +0 pair of gloves
Will    ++...                    (boots unavailable)
Stlth   ++                       E - amulet "Emeoz" {Reflect rC+ Str+2 Dex+4 SH+5}
HPRegen 1.12/turn                u - ring of resist corrosion
MPRegen 0.00/turn                A - ring of wizardry

@: heroic, flying
A: sickness immunity, fire resistance 2, cold vulnerability 1, float, innate
caster, HP casting, extra vitality 1
a: Renounce Religion, Heroism, Finesse, Duel


You were on level 10 of the Dungeon.
You worshipped Okawaru.
Okawaru was extremely pleased with you.
You visited 2 branches of the dungeon, and saw 11 of its levels.
You also visited: Bailey.

You collected 519 gold pieces.
You spent 330 gold pieces at shops.

Inventory:

Hand Weapons
 m - a +2 dagger of venom
 N - a +1 scimitar of flaming
Missiles
 g - 3 throwing nets
 h - 22 poisoned darts
 C - 10 boomerangs
 G - 2 silver boomerangs
 Q - 2 atropa-tipped darts
Armour
 j - a +0 tower shield
 k - a +0 pair of gloves (worn)
 p - a +2 robe of willpower (worn)
 y - a +0 cloak (worn)
 F - the +2 helmet of the Poles (worn) {rN+++ Regen+ Stlth-}
   (You acquired it on level 7 of the Dungeon)

   rN:        It renders you almost immune to negative energy.
   Regen:     It increases your rate of health regeneration.
   Stlth:     It makes you less stealthy.
Jewellery
 u - a ring of resist corrosion (left hand)
 A - a ring of wizardry (right hand)
 E - the amulet "Emeoz" (around neck) {Reflect rC+ Str+2 Dex+4 SH+5}
   (You acquired it on level 7 of the Dungeon)

   [amulet of reflection]

   It reflects blocked missile attacks.
   Str:       It affects your strength (+2).
   Dex:       It affects your dexterity (+4).
   rC:        It protects you from cold.
   SH:        It affects your SH (+5).
 I - a ring of positive energy
Wands
 t - a wand of flame (15)
 z - a wand of roots (4)
 J - a wand of charming (12)
Scrolls
 a - 6 scrolls of teleportation
 i - 2 scrolls of torment {!r}
 l - a scroll of silence {!r}
 n - a scroll of fear {unknown}
 o - 5 scrolls of enchant armour {unknown}
 q - 4 scrolls of enchant weapon
 r - 2 scrolls of immolation {unknown}
 s - 3 scrolls of blinking {unknown}
 w - 2 scrolls of vulnerability {unknown}
 x - 3 scrolls of noise {unknown}
 B - 3 scrolls of poison {unknown}
 H - 2 scrolls of amnesia {unknown}
 K - 2 scrolls of fog
 M - a scroll of butterflies
Potions
 b - 3 potions of lignification {!q}
 c - 9 potions of curing
 d - 4 potions of heal wounds
 e - 2 potions of might
 f - 3 potions of mutation {!q}
 v - 2 potions of haste
 D - 2 potions of cancellation
 O - a potion of resistance {unknown}
 P - 4 potions of brilliance {unknown}
 R - a potion of ambrosia {unknown}
Miscellaneous
 L - a lightning rod (4/4)


   Skills:
 + Level 5.3(10.3) Fighting
 + Level 4.7(9.7) Throwing
 + Level 2.9(7.9) Armour
 + Level 4.1(9.1) Dodging
 * Level 10.6(15.6) Unarmed Combat
 + Level 5.5 Spellcasting
 + Level 5.7 Invocations
 + Level 5.7 Evocations


You couldn't memorise any spells.
You knew the following spells:

 Your Spells              Type           Power      Damage    Failure   Level
a - Beastly Appendage     Tmut           38%        N/A       1%          1
b - Spider Form           Tmut/Pois      19%        N/A       1%          3
c - Slow                  Hex            76%        N/A       1%          1
d - Ice Form              Ice/Tmut       19%        N/A       7%          4
e - Poisonous Vapours     Pois/Air       38%        N/A       1%          2
f - Ignite Poison         Fire/Tmut/Pois 19%        N/A       1%          3
g - Leda's Liquefaction   Hex/Erth       9%         N/A       7%          4
h - Dispel Undead         Necr           19%        3d11      7%          4
w - Wereblood             Tmut           19%        N/A       1%          2
Your spell library was empty.

Dungeon Overview and Level Annotations

Branches:
Dungeon (10/15)            Temple (1/1) D:4          Bailey (visited)
   Lair: D:8-11         Orc: D:9-12

Altars:
Ashenzari
Cheibriados
Dithmenos
Elyvilon
Fedhas
Gozag
Hepliaklqana
Makhleb
Nemelex Xobeh
Okawaru
Qazlal
Ru
Trog
Uskayaw
Wu Jian
Xom
Yredelemnul
Zin
The Shining One

Shops:
D:8 *


Innate Abilities, Weirdness & Mutations

You are immune to sickness and miasma.
You are immune to poison.
Your flesh is very heat resistant. (rF++)
You are vulnerable to cold. (rC-)
You float through the air rather than walking.
You learn spells naturally, not from books.
Your magical power is your life essence.
You have superior vitality. (+4 MHP)


Message History

The gargoyle hurls a stone arrow at you.
The stone arrow hits you!
You barely miss the gargoyle.
The gargoyle is heavily damaged.
The gargoyle hits you but does no damage.
You barely miss the gargoyle.
You punch the gargoyle, but do no damage.
The gargoyle is heavily damaged.
You barely miss the gargoyle.
The gargoyle is heavily damaged.
The gargoyle hurls a stone arrow at you.
The stone arrow hits you!
You hear a shout!
You are too injured to fight recklessly!
You are too injured to fight recklessly!
You are too injured to fight recklessly!
You are too injured to fight recklessly!
You are too injured to fight recklessly!
You are too injured to fight recklessly!
You are too injured to fight recklessly!
You are too injured to fight recklessly!
You are too injured to fight recklessly!
You are too injured to fight recklessly!
You are too injured to fight recklessly!
You are too injured to fight recklessly!
You are too injured to fight recklessly!
You are too injured to fight recklessly!
You are too injured to fight recklessly!
You gain the combat prowess of a mighty hero.
The gargoyle hurls a stone arrow at you.
The stone arrow hits you!
* * * LOW HITPOINT WARNING * * *
You hit the gargoyle.
The gargoyle is heavily damaged.
You block the gargoyle's attack.
You hit the gargoyle.
The gargoyle is severely damaged.
The gargoyle hurls a stone arrow at you.
The stone arrow hits you!!
You die...

.#.# .#.#.# #.#.#.# #.#.#.#
#.#.#.# #.#.#.## #W#.#.# #9#.##
#@#.##### ###### #####
####....##+## .....#
#.#.###.#####.#...## .....#
#....##.# #......## ..##.#
#.......# ##.......##
#..#.#####.......####.........#
##..................'.........+
.##..#########...####.........#
..#.## #..## ##.......##


You could see a wraith and a gargoyle.

Vanquished Creatures
  An orc warlord (Bailey)
  Erica (D:8)
  A two-headed ogre (D:8)
  3 orc knights (Bailey)
  A vampire (D:10)
  7 yaks
  A wyvern (D:9)
  A wraith (D:9)
  5 humans (D:9)
  A steam dragon (D:7)
  12 orc warriors
  2 sky beasts
  2 ogres
  2 centaurs
  A bullfrog (D:7)
  2 necrophages
  2 scorpions
  4 wights (D:8)
  5 howler monkeys
  2 jellies
  2 gnoll boudas
  2 hounds
  3 orc priests
  3 iguanas
  Jessica (D:3)
  8 orc wizards
  20 gnolls
  6 adders
  A shadow imp (D:7)
  An ufetubus (D:4)
  2 worms
  3 dart slugs
  47 orcs
  6 endoplasms
  4 giant cockroaches
  25 goblins
  11 hobgoblins
  5 jackals
  4 quokkas
  4 ball pythons
  6 bats
  4 frilled lizards
  4 kobolds (D:1)
  3 rats
231 creatures vanquished.

Notes
Turn   | Place    | Note
-------+----------+-------------------------------------------
     0 | D:1      | mopl the Djinni Transmuter began the quest for the Orb.
     0 | D:1      | mopl set off with the following spells memorised: Beastly
                  | Appendage, Wereblood, Spider Form, Ice Form.
     0 | D:1      | Reached XP level 1. HP: 17/17 MP: 0/0
   365 | D:1      | Reached XP level 2. HP: 22/22 MP: 0/0
   512 | D:1      | You are sucked into a shaft and drop 1 floor!
   635 | D:2      | Reached skill level 2 in Spellcasting
   635 | D:2      | Reached XP level 3. HP: 24/27 MP: 0/0
   635 | D:2      | Learned a level 1 spell: Slow
  1129 | D:1      | Found a faded altar of an unknown god.
  1395 | D:1      | Reached skill level 4 in Unarmed Combat
  1821 | D:3      | Noticed Jessica
  1825 | D:3      | Noticed a scorpion
  1917 | D:3      | Killed a scorpion
  1918 | D:3      | Reached XP level 4. HP: 22/32 MP: 0/0
  1918 | D:3      | Reached XP level 5. HP: 26/37 MP: 0/0
  1918 | D:3      | Learned a level 2 spell: Poisonous Vapours
  1971 | D:3      | Killed Jessica
  2104 | D:3      | Reached skill level 5 in Unarmed Combat
  2695 | D:4      | Reached XP level 6. HP: 33/42 MP: 0/0
  2852 | D:4      | Reached skill level 3 in Spellcasting
  3013 | D:4      | Noticed an ogre
  3026 | D:4      | Killed an ogre
  3027 | D:4      | Reached skill level 6 in Unarmed Combat
  3027 | D:4      | Reached XP level 7. HP: 44/47 MP: 0/0
  3027 | D:4      | Learned a level 3 spell: Ignite Poison
  3439 | D:4      | Found a staircase to the Ecumenical Temple.
  3448 | Temple   | Entered the Ecumenical Temple
  3458 | Temple   | Became a worshipper of Warmaster Okawaru
  3502 | D:5      | Entered Level 5 of the Dungeon
  3592 | D:5      | Found a burning altar of Makhleb.
  3938 | D:5      | Reached skill level 1 in Invocations
  3946 | D:5      | Reached skill level 1 in Evocations
  4268 | D:6      | Reached skill level 1 in Throwing
  4432 | D:5      | Reached XP level 8. HP: 52/52 MP: 0/0
  4452 | D:6      | Reached skill level 7 in Unarmed Combat
  4627 | D:6      | Reached * piety under Okawaru
  4628 | D:6      | Reached skill level 2 in Invocations
  4837 | D:6      | Reached skill level 2 in Evocations
  4859 | D:6      | Found a sparkling altar of Nemelex Xobeh.
  4859 | D:6      | Found an opulent altar of Gozag.
  5140 | D:7      | Found a flagged portal.
  5179 | Bailey   | Entered a bailey
  5206 | Bailey   | Reached skill level 2 in Throwing
  5206 | Bailey   | Reached skill level 4 in Spellcasting
  5394 | Bailey   | Reached skill level 2 in Fighting
  5442 | Bailey   | Reached XP level 9. HP: 26/58 MP: 0/0
  5442 | Bailey   | Learned a level 4 spell: Leda's Liquefaction
  5454 | Bailey   | Reached ** piety under Okawaru
  5455 | Bailey   | Reached skill level 8 in Unarmed Combat
  5709 | Bailey   | Reached skill level 3 in Invocations
  5709 | Bailey   | Reached skill level 3 in Evocations
  5913 | Bailey   | Noticed an orc knight
  5943 | Bailey   | Killed an orc knight
  5944 | Bailey   | Reached skill level 3 in Fighting
  5944 | Bailey   | Reached skill level 3 in Throwing
  6000 | Bailey   | Noticed an orc knight
  6118 | Bailey   | Noticed an orc knight
  6131 | Bailey   | Killed an orc knight
  6131 | Bailey   | Reached *** piety under Okawaru
  6132 | Bailey   | Reached skill level 9 in Unarmed Combat
  6132 | Bailey   | Reached skill level 4 in Invocations
  6132 | Bailey   | Reached skill level 4 in Evocations
  6132 | Bailey   | Reached XP level 10. HP: 67/67 MP: 0/0
  6199 | Bailey   | Noticed an orc warlord
  6220 | Bailey   | Killed an orc warlord
  6221 | Bailey   | Reached skill level 4 in Fighting
  6308 | Bailey   | Killed an orc knight
  6308 | Bailey   | Reached **** piety under Okawaru
  6309 | Bailey   | Reached skill level 5 in Spellcasting
  6486 | D:7      | Acquired the +2 helmet of the Poles {rN+++ Regen+ Stlth-}
  6493 | D:7      | Acquired the amulet "Emeoz" {Reflect rC+ Str+2 Dex+4 SH+5}
  6548 | D:7      | Received a gift from Okawaru
  6549 | D:7      | Reached skill level 4 in Throwing
  6875 | D:8      | Reached skill level 1 in Armour
  6896 | D:8      | Reached skill level 5 in Evocations
  6905 | D:8      | Reached skill level 5 in Invocations
  6948 | D:8      | Reached skill level 10 in Unarmed Combat
  7032 | D:8      | Reached XP level 11. HP: 68/74 MP: 0/0
  7032 | D:8      | Learned a level 4 spell: Dispel Undead
  7178 | D:8      | Reached skill level 3 in Dodging
  7182 | D:8      | Found Noemugeytz's Demolitions Depot.
  7192 | D:8      | Bought a lightning rod (4/4) for 330 gold pieces
  7354 | D:8      | Noticed Erica
  7364 | D:8      | Killed Erica
  7365 | D:8      | Reached skill level 2 in Armour
  7633 | D:9      | Noticed a two-headed ogre
  7663 | D:8      | Killed a two-headed ogre
  7664 | D:8      | Reached skill level 5 in Fighting
  7853 | D:9      | Reached ***** piety under Okawaru
  8001 | D:9      | Received a gift from Okawaru
  8013 | D:9      | Reached skill level 4 in Dodging
  8322 | D:10     | Entered Level 10 of the Dungeon
  8495 | D:10     | Killed from afar by a gargoyle

Illustrated notes

Levels and vault maps discovered:
D:1:      erik_arrival_cave_to_civilisation [erik_arrival_cave_to_hall],
          layout_basic, dilly_ecumenical_altar_fadedgnrine, chequers_mini_garden
D:2:      layout_basic
D:3:      layout_loops_ring, uniq_jessica
D:4:      layout_loops_ring, lemuel_temple_firewalk_b, fountainhead
D:5:      layout_loops_ring, old_standard_altar
D:6:      layout_cave_pools, gammafunk_temple_overflow_claw
D:7:      layout_rooms, enter_bailey_5
D:8:      layout_loops_ring, nicolae_blasting_shop, uniq_erica
D:9:      layout_cave_pools, mainiacjoe_overflow_concentric_impassable,
          minmay_ruffians
D:10:     minmay_imperfect_grid, layout_loops_corners, dk_noncrumbling_3
Temple:   sentei_temple_godly_chess

Skill      XL: |  1  2  3  4  5  6  7  8  9 10 11 |
---------------+----------------------------------+-----
Spellcasting   | 2 3 4 5 |  5.5
Unarmed Combat | 4 5 6 7 9 10 | 10.6
Invocations    | 1 2 4 5 |  5.7
Evocations     | 1 2 4 5 |  5.7
Throwing       | 1 2 3 4 |  4.7
Fighting       | 2 3 4 5 |  5.3
Armour         | 1 2 |  2.9
Dodging        | 4 |  4.1

Action                     |  1- 3 |  4- 6 |  7- 9 | 10-12 || total
---------------------------+-------+-------+-------+-------++-------
  Melee: Unarmed           |    67 |    20 |   203 |   337 ||   627
         Headbutt          |    10 |       |       |     5 ||    15
         Dagger            |    35 |    96 |   136 |       ||   267
         Punch             |     2 |     3 |     9 |    17 ||    31
  Throw: Dart              |       |     2 |     1 |     4 ||     7
   Cast: Beastly Appendage |    14 |       |       |     2 ||    16
         Spider Form       |     1 |     3 |    19 |    10 ||    33
         Wereblood         |       |       |     5 |     3 ||     8
 Invoke: Heroism           |       |       |     1 |     4 ||     5
Ability: End Transformatio |       |       |       |     4 ||     4
  Evoke: Wand              |       |       |     5 |       ||     5
    Use: Scroll            |       |     2 |     8 |     7 ||    17
         Potion            |       |       |     3 |     1 ||     4
   Stab: Sleeping          |       |       |     2 |       ||     2
 Armour: Robe              |    23 |    36 |    26 |    33 ||   118
         Skin              |     2 |       |    16 |     5 ||    23
  Dodge: Dodged            |    48 |    82 |   181 |   187 ||   498
  Block: Other             |       |       |       |    59 ||    59
         Reflection        |       |       |       |     2 ||     2

Table legend: (Time is in decaauts)
 A = Elapsed time spent in this place.
 B = Non-inter-level travel time spent in this place.
 C = Inter-level travel time spent in this place.
 D = Time resting spent in this place.
 E = Time spent auto-exploring this place.
 F = Levels seen in this place.
 G = Mean time per level.
                   A        B        C        D        E       F      G
               +--------+--------+--------+--------+--------+-----+--------+
         Total |   8402 |   8219 |    183 |   1462 |   4440 |  12 |  700.2 |
       Dungeon |   7108 |   6933 |    175 |    929 |   4252 |  10 |  710.8 |
        Temple |     17 |     10 |      7 |      0 |      0 |   1 |   17.0 |
        Bailey |   1276 |   1276 |      0 |    533 |    188 |   1 | 1276.0 |
               +--------+--------+--------+--------+--------+-----+--------+

Top non-repeatable levels by time:
  Bailey: 1276 daAuts
     D:1: 1219 daAuts
     D:8: 868 daAuts
     D:4: 864 daAuts
     D:5: 840 daAuts
     D:2: 726 daAuts
     D:6: 690 daAuts
     D:3: 672 daAuts
     D:9: 601 daAuts
     D:7: 457 daAuts
    D:10: 168 daAuts
  Temple: 17 daAuts
